Construct Infanterie Kompanie
Construct Panzergrenadier Kompanie
Pak 40 Anti-tank Gun Team
Panzergrenadier Officer Quarters
Nebelwerfer 42 Rocket Launcher Team
Nebelwerfer 42 Rocket Launcher Team
Nebelwerfer 42 Rocket Launcher Team
Selects Luftwaffe Battlegroup
Selects Reconnaissance Run
Construct Panzer Kompanie
Selects Fallschirmjäger Squad Paradrop
Selects Fragmentation Bombs
Selects Luftwaffe Pioneer Support
Selects Flak 38 Anti-Air Emplacement
Nebelwerfer 42 Rocket Launcher Team
Selects Flak 36 Anti-tank Gun Emplacement